 Dungeon Crawl Stone Soup version 0.21.1-1-g345015f (webtiles) character file.

157 prawnwizard the Chopper (level 5, -3/42 HPs)
             Began as a Demonspawn Monk on July 26, 2018.
             Slain by Pikel
             ... wielding a +1 whip of flaming
              (7 damage)
             ... on level 4 of the Dungeon.
             The game lasted 00:03:23 (2981 turns).

prawnwizard the Chopper (Demonspawn Monk)           Turns: 2981, Time: 00:03:24

Health: -3/42      AC:  3    Str: 12    XL:     5   Next: 15%
Magic:  0/14       EV: 14    Int: 11    God:
Gold:   228        SH:  0    Dex: 16    Spells: 4/4 levels left

rFire    . . .     SeeInvis .   a - +0 hand axe
rCold    . . .     Gourm    .   (no shield)
rNeg     . . .     Faith    .   b - +0 robe
rPois    .         Spirit   +   k - +0 helmet
rElec    .         Reflect  .   (no cloak)
rCorr    .         Harm     .   (no gloves)
MR       .....                  (no boots)
Stlth    ++........             o - amulet of magic regeneration
HPRegen  0.14/turn              f - ring of magical power
MPRegen  0.39/turn              (no ring)

@: no status effects
A: magic shield, rot immunity
a: no special abilities


You were on level 4 of the Dungeon.
You were not hungry.

You visited 1 branch of the dungeon, and saw 4 of its levels.

You collected 228 gold pieces.

Inventory:

Hand Weapons
 a - a +0 hand axe (weapon)
Armour
 b - a +0 robe (worn)
 k - a +0 helmet (worn)
Jewellery
 f - a ring of magical power (left hand)
 o - an amulet of magic regeneration (around neck)
Scrolls
 e - a scroll of noise {unknown}
 g - 2 scrolls of identify {unknown}
 h - 2 scrolls of blinking {unknown}
 j - a scroll of teleportation {unknown}
 l - 4 scrolls of remove curse {unknown}
 p - a scroll of amnesia {unknown}
 q - a scroll of fear {unknown}
 t - a scroll of enchant armour {unknown}
Potions
 d - 2 potions of curing {unknown}
 i - 2 potions of heal wounds {unknown}
 m - 2 potions of agility {unknown}
 r - 2 potions of ambrosia {unknown}
 s - 2 potions of haste {unknown}
Comestibles
 c - 8 rations
 n - 3 chunks of flesh


   Skills:
 + Level 3.9 Fighting
 * Level 4.2 Axes
 + Level 3.5 Dodging
 - Level 1.8 Stealth


You had 4 spell levels left.
You didn't know any spells.

Dungeon Overview and Level Annotations

Branches:
Dungeon (4/15)
 Temple: D:4-7

Altars:
Dithmenos
Ru

Annotations:
D:4 Pikel


Innate Abilities, Weirdness & Mutations

When hurt, damage is shared between your health and your magic reserves.
You are immune to rotting.


Message History

You barely miss Pikel.
Pikel is heavily wounded.
Pikel hits you with a whip of flaming.
* * * LOW HITPOINT WARNING * * *
Pikel burns you.
* * * LOW HITPOINT WARNING * * *
You barely miss Pikel.
Pikel is heavily wounded.
Pikel hits you with a whip of flaming.
* * * LOW HITPOINT WARNING * * *
Pikel burns you.
You hit Pikel but do no damage.
Pikel is heavily wounded.
Pikel hits you but does no damage.
You hit Pikel.
Pikel is heavily wounded.
Pikel closely misses you.
Pikel says, "You'll feel the lick of my whip!"
Pikel hits you with a whip of flaming!
You die...

# ##.# ##
.#.#...
.......
####...#...
#<@Kpp.....
####.......
.......
.......
......?
.......
.......
.......


You could see Pikel and 2 slaves.

Vanquished Creatures
  A crimson imp (D:3)
  3 gnolls (D:2)
  4 adders (D:2)
  3 worms
  A dart slug (D:2)
  6 orcs (D:3)
  A ball python (D:1)
  2 bats
  2 giant cockroaches
  7 hobgoblins
  2 jackals (D:3)
  4 kobolds
  A frilled lizard (D:1)
  5 goblins
  4 rats
46 creatures vanquished.

Notes
Turn   | Place    | Note
-------+----------+-------------------------------------------
     0 | D:1      | prawnwizard the Demonspawn Monk began the quest for the Orb.
     0 | D:1      | Reached XP level 1. HP: 18/18 MP: 1/1
   333 | D:1      | Reached skill level 3 in Axes
   333 | D:1      | Gained mutation: When hurt, damage is shared between your health and your magic reserves. [demonic ancestry]
   333 | D:1      | Reached XP level 2. HP: 22/24 MP: 2/2
   868 | D:2      | Reached XP level 3. HP: 22/29 MP: 3/3
  1119 | D:2      | Found a shadowy altar of Dithmenos.
  1548 | D:3      | Reached XP level 4. HP: 20/37 MP: 4/4
  1910 | D:3      | Reached skill level 4 in Axes
  2057 | D:2      | Gained mutation: You are immune to rotting. [demonic ancestry]
  2057 | D:2      | Reached XP level 5. HP: 3/42 MP: 3/5
  2936 | D:3      | Found a sacrificial altar of Ru.
  2959 | D:4      | Noticed Pikel
  2959 | D:4      | Noticed a slave
  2959 | D:4      | Noticed a slave
  2959 | D:4      | Noticed a slave
  2961 | D:4      | Noticed a slave
  2961 | D:4      | Noticed an ogre
  2962 | D:4      | Noticed an ogre
  2981 | D:4      | Slain by Pikel

Skill      XL: |  1  2  3  4 |
---------------+-------------+-----
Axes           | 3 4 |  4.2
Dodging        | 3 |  3.5
Fighting       | |  3.9
Stealth        | |  1.8

Action                   |  1- 3 |  4- 6 || total
-------------------------+-------+-------++-------
Melee: Hand axe          |   132 |   146 ||   278
 Stab: Sleeping          |     4 |       ||     4
  Eat: Chunk             |     2 |     5 ||     7
Armor: Robe              |    27 |    11 ||    38
Dodge: Dodged            |    79 |    84 ||   163
